 Dungeon Crawl Stone Soup version 0.18-a0-1782-gb76a692 (webtiles) character file.

6097 epen the Agent of Entropy (level 10, 0/70 HPs)
             Began as a Demonspawn Abyssal Knight on Apr 17, 2016.
             Was a Priest of Lugonu.
             Impaled on a porcupine's spines (11 damage)
             ... on level 1 of the Lair of Beasts.
             The game lasted 00:24:35 (12033 turns).

epen the Agent of Entropy (DsAK)                   Turns: 12033, Time: 00:24:36

Health: 0/70       AC: 21    Str: 15    XL:     10   Next: 58%
Magic:  12/17      EV: 13    Int: 17    God:    Lugonu [***...]
Gold:   594        SH:  0    Dex: 12    Spells: 0 memorised, 9 levels left

rFire  + . .     SeeInvis .     a - +2 falchion
rCold  + + +     Gourm    .     D - +5 ring mail of Supple Strength {rF+ rC+++ rCorr Slay-3}
rNeg   . . .     Faith    .     (no shield)
rPois  +         Spirit   .     (no helmet)
rElec  .         Dismiss  .     k - +0 cloak
rCorr  +         Reflect  .     d - +0 pair of gloves
SustAt +         Harm     .     v - +0 pair of boots
MR     .....                    (no amulet)
Stlth  +.........               (no ring)
                                y - ring of sustain attributes

@: lethally poisoned (0 -> 0), not resistant to hostile enchantments, very
unstealthy
A: iridescent scales 2, clever 1, poison resistance, powered by death 1,
screaming 1, MP-powered wands
a: Depart the Abyss, Bend Space, Banish, Renounce Religion


You were on level 1 of the Lair of Beasts.
You worshipped Lugonu.
Lugonu was most pleased with you.
You were hungry.

You visited 2 branches of the dungeon, and saw 10 of its levels.
You visited the Abyss 1 time.

You collected 594 gold pieces.

Inventory:

Hand Weapons
 a - a +2 falchion (weapon)
 M - a +0 rapier
Armour
 b - a +0 leather armour
 d - a +0 pair of gloves (worn)
 k - a +0 cloak (worn)
 n - a +0 scale mail
 o - a +0 ring mail
 v - a +0 pair of boots (worn)
 D - the +5 ring mail of Supple Strength (worn) {rF+ rC+++ rCorr Slay-3}
   (You found it on level 5 of the Dungeon)

   It affects your accuracy and damage with ranged weapons and melee attacks
   (-3).
   It protects you from fire.
   It renders you almost immune to cold.
   It protects you from acid and corrosion.
Jewellery
 l - an uncursed ring of ice
 w - an uncursed ring of ice
 y - a ring of sustain attributes (left hand)
Wands
 p - a wand of random effects (25/48)
 r - a wand of teleportation (9/9)
 G - a wand of flame (6/48)
 I - a wand of iceblast (7/15)
 L - a wand of enslavement (5/24)
Scrolls
 F - a scroll of recharging
 H - a scroll of teleportation
 K - a scroll of magic mapping
 N - a scroll of blinking
Potions
 e - 4 potions of resistance
 h - 3 potions of flight
 i - 2 potions of magic
 j - a potion of beneficial mutation {unknown}
 q - 2 potions of invisibility
 s - 3 potions of lignification
 t - a potion of ambrosia
 u - 8 potions of curing
 x - 2 potions of brilliance
 B - 2 potions of haste
Books
 A - a book of the Dragon

   Spells                             Type                      Level
   a - Flame Tongue                   Conjuration/Fire             1
   b - Cause Fear                     Hexes                        4
   c - Bolt of Fire                   Conjuration/Fire             6
   d - Dragon Form                    Transmutation                7
   e - Dragon's Call                  Summoning                    9
 C - a book of Hinderance

   Spells                             Type                      Level
   a - Confusing Touch                Hexes                        2
   b - Confuse                        Hexes                        3
   c - Gell's Gravitas                Hexes/Translocation          3
   d - Petrify                        Transmutation/Earth          4
   e - Metabolic Englaciation         Hexes/Ice                    5
   f - Yara's Violent Unravelling     Hexes/Transmutation          5
 E - a book of Callings

   Spells                             Type                      Level
   a - Summon Small Mammal            Summoning                    1
   b - Call Imp                       Summoning                    2
   c - Call Canine Familiar           Summoning                    3
   d - Summon Guardian Golem          Hexes/Summoning              3
   e - Summon Lightning Spire         Summoning/Air                4
   f - Summon Ice Beast               Ice/Summoning                4
 J - a book of Beasts

   Spells                             Type                      Level
   a - Summon Butterflies             Summoning                    1
   b - Call Canine Familiar           Summoning                    3
   c - Summon Ice Beast               Ice/Summoning                4
   d - Summon Mana Viper              Hexes/Summoning              5
   e - Summon Hydra                   Summoning                    7
Comestibles
 c - 8 bread rations
 f - 5 meat rations
 m - 2 slices of pizza
 z - 6 beef jerkies


   Skills:
 - Level 3.0 Fighting
 * Level 8.6 Long Blades
 * Level 8.2 Armour
 + Level 6.1 Dodging
 + Level 9.7 Invocations


You had 9 spell levels left.
You didn't know any spells.

Dungeon Overview and Level Annotations

Branches:
Dungeon (9/15)             Temple (0/1) D:6            Lair (1/8) D:8
    Orc: D:9-12

Altars:
Ashenzari
Cheibriados
Fedhas
Gozag
Makhleb
Nemelex Xobeh
Okawaru
Qazlal
Sif Muna
Trog
Vehumet
The Shining One

Annotations:
D:9 exclusion: statue
Abyss:1 Joseph, Menkaure


Innate Abilities, Weirdness & Mutations

You are mostly covered in iridescent scales (AC +6).
You regenerate a little health from kills.
Your mind is acute. (Int +2)
Your system is resistant to poisons.
You occasionally shout uncontrollably at your foes.
You expend magic power (3 MP) to strengthen your wands.


Message History

You feel quite a bit more hungry.
You feel sick.
You feel sick.
You start resting.
You feel sick. x4
You are starving!
You're too hungry to rest.
You're too hungry to rest.
Eat which item? (? for menu, Esc to quit)
You are feeling hungry.
You feel sick.
That beef jerky was delicious!
You start resting.
You feel sick. x4
A porcupine comes into view.
A porcupine is nearby!
You closely miss the porcupine.
You feel sick. The porcupine closely misses you.
You hit the porcupine but do no damage.
The porcupine bites you but does no damage.
You are struck by the porcupine's spines.
You die...

.....
.P........................
...#.
................<....#P...
...#
##...................##.#+
.....
..........................
.....
..........................
.....
.....................##..#
...##
###..........[.......# #+#
...# #.....r.............#
...# #.....#@#P####......+
#......##### ......+#
...............#
...P#...##...... ......
#...... ...P# #......##
...#######.....#.+##+# ...
................#.#..##...
(.........................


You could see a porcupine.

Vanquished Creatures
  A wyvern (D:8)
  2 hippogriffs (Lair:1)
  A hungry ghost (D:7)
  2 water moccasins
  A porcupine (Lair:1)
  An orc warrior (D:8)
  5 sky beasts
  An ice beast (D:9)
  A phantom (D:6)
  The ghost of epen the Distorting Demonspawn, an amateur DsAK of Lugonu (D:3)
  A black bear (Lair:1)
  6 ogres
  3 centaurs
  2 crocodiles (Lair:1)
  3 giant frogs
  2 scorpions
  9 killer bees (D:8)
  2 howler monkeys (D:8)
  4 crimson imps
  A quasit (D:9)
  A centaur skeleton (D:9)
  5 hounds
  2 jellies
  3 orc priests
  2 giant frog skeletons
  Jessica (D:3)
  Terence (D:3)
  2 iguanas
  5 orc wizards
  8 worker ants
  2 hound zombies
  A hound skeleton (D:7)
  Robin (D:3)
  12 adders
  8 gnolls
  A shadow imp (D:9)
  2 oozes (D:2)
  3 adder skeletons
  An adder zombie (D:5)
  A worm (D:4)
  3 dart slugs
  7 giant geckos
  18 orcs
  13 bats
  9 giant cockroaches
  13 goblins
  16 hobgoblins
  12 jackals
  5 quokkas
  2 ball pythons (D:3)
  9 giant newts
  2 kobolds (D:1)
  2 quokka zombies
  6 rats
228 creatures vanquished.

Vanquished Creatures (collateral kills)
  A giant frog (Lair:1)
1 creature vanquished.

Vanquished Creatures (others)
  A black mamba (Lair:1)
  2 spiny frogs (Lair:1)
  2 wargs (D:8)
  A water moccasin (Lair:1)
  An orc warrior (D:8)
  An ogre (D:5)
  A gnoll sergeant (D:7)
  An orc wizard (D:4)
10 creatures vanquished.

Grand Total: 239 creatures vanquished

Notes
Turn   | Place    | Note
--------------------------------------------------------------
     0 | Abyss:1  | epen the Demonspawn Abyssal Knight began the quest for the Orb.
     0 | Abyss:1  | Reached XP level 1. HP: 18/18 MP: 2/2
   153 | Abyss:1  | Noticed a bone dragon
   167 | Abyss:1  | Noticed a bone dragon
   188 | Abyss:1  | Noticed a large abomination
   191 | D:1      | Escaped the Abyss
   254 | D:1      | Reached skill level 1 in Dodging
   423 | D:1      | Reached * piety under Lugonu
   429 | D:1      | Gained mutation: You regenerate a little health from kills. [demonic ancestry]
   429 | D:1      | Reached XP level 2. HP: 20/24 MP: 4/4
   488 | D:1      | Reached skill level 3 in Invocations
   799 | D:1      | Reached XP level 3. HP: 29/29 MP: 5/5
  1059 | D:2      | Reached ** piety under Lugonu
  1072 | D:2      | Found a burning altar of Makhleb.
  1072 | D:2      | Noticed a blizzard demon
  1081 | D:2      | Noticed a neqoxec
  1081 | D:2      | Noticed a neqoxec
  1271 | D:2      | Found a sparkling altar of Nemelex Xobeh.
  1549 | D:2      | Found a blossoming altar of Fedhas.
  1553 | D:2      | Gained mutation: You are partially covered in iridescent scales (AC +4). [demonic ancestry]
  1553 | D:2      | Reached XP level 4. HP: 35/35 MP: 6/6
  1632 | D:2      | Reached skill level 4 in Invocations
  1768 | D:3      | Found a faded altar to an unknown god.
  1768 | D:3      | Noticed Terence
  1768 | D:3      | Noticed epen's ghost (amateur DsAK)
  1904 | D:3      | Killed epen's ghost
  1904 | D:3      | Reached skill level 5 in Invocations
  1904 | D:3      | Reached XP level 5. HP: 10/41 MP: 8/8
  2102 | D:3      | Killed Terence
  2212 | D:3      | Noticed Robin
  2254 | D:3      | Killed Robin
  2254 | D:3      | Reached XP level 6. HP: 42/47 MP: 10/10
  2264 | D:3      | Reached *** piety under Lugonu
  2361 | D:3      | Noticed Jessica
  2386 | D:3      | Killed Jessica
  2974 | D:4      | Reached skill level 6 in Invocations
  3108 | D:4      | Found a deep blue altar of Sif Muna.
  3244 | D:5      | Entered Level 5 of the Dungeon
  3255 | D:5      | Found a shattered altar of Ashenzari.
  3359 | D:5      | Got a heavily runed ring mail
  3443 | D:5      | Noticed Menkaure
  3446 | D:5      | Reached **** piety under Lugonu
  3446 | D:5      | Banished Menkaure
  3446 | D:5      | Reached XP level 7. HP: 30/52 MP: 11/11
  3841 | D:5      | Found an iron altar of Okawaru.
  4043 | D:5      | Found a bloodstained altar of Trog.
  4159 | D:5      | Reached skill level 5 in Long Blades
  4376 | D:5      | Reached XP level 8. HP: 58/58 MP: 13/13
  4487 | D:5      | Reached skill level 7 in Invocations
  4716 | D:6      | Found a staircase to the Ecumenical Temple.
  5186 | D:6      | Found a stormy altar of Qazlal.
  5226 | D:6      | Reached skill level 5 in Armour
  6667 | D:7      | Reached XP level 9. HP: 63/63 MP: 14/14
  6867 | D:7      | Paralysed by fainting for 8 turns
  6882 | D:7      | Found a snail-covered altar of Cheibriados.
  7188 | D:8      | Reached skill level 8 in Invocations
  7456 | D:8      | Reached skill level 5 in Dodging
  7770 | D:8      | Noticed Joseph
  7774 | D:8      | Banished Joseph
  7783 | D:8      | Gained mutation: You occasionally shout uncontrollably at your foes. [mutagenic meat]
  7785 | D:8      | Gained mutation: Your mind is acute. (Int +2) [mutagenic meat]
  7786 | D:8      | Gained mutation: Your system is resistant to poisons. [mutagenic meat]
  7787 | D:8      | Gained mutation: You expend magic power (3 MP) to strengthen your wands. [mutagenic meat]
  8093 | D:8      | Gained mutation: You are mostly covered in iridescent scales (AC +6). [demonic ancestry]
  8093 | D:8      | Reached XP level 10. HP: 8/70 MP: 16/16
  8157 | D:8      | Reached skill level 9 in Invocations
  8432 | D:8      | Found a glowing golden altar of the Shining One.
  8515 | D:8      | Found a staircase to the Lair.
  8787 | D:9      | Identified the +5 ring mail of Supple Strength {rF+ rC+++ rCorr Slay-3} (You found it on level 5 of the Dungeon)
  8859 | D:9      | Found a radiant altar of Vehumet.
  9316 | D:9      | Found an opulent altar of Gozag.
 10115 | Lair:1   | Entered Level 1 of the Lair of Beasts
 10368 | Lair:1   | Noticed a black mamba
 10411 | Lair:1   | Banished a black mamba
 11237 | Lair:1   | Noticed a spiny frog
 11246 | Lair:1   | Banished a spiny frog
 11257 | Lair:1   | HP: 3/70 [poisoned by a water moccasin]
 11264 | Lair:1   | HP: 3/70 [poisoned by a water moccasin]
 11272 | Lair:1   | HP: 2/70 [poisoned by a water moccasin]
 11994 | Lair:1   | Noticed a spiny frog
 12009 | Lair:1   | Banished a spiny frog
 12033 | Lair:1   | Impaled on a porcupine's spines

Vault maps used:
D:1:      sevenhm_arrival_forest_fort_small_3
D:2:      nemelex_deck, fedhas_altar_1, makhleb_altar_promises_db
D:3:      ecumenical_altar_2, minmay_misc_feat_encased, uniq_robin,
          uniq_terence, uniq_jessica
D:4:      tgw_sif, hangedman_abyss_or_decor_jellyfish_corner
D:5:      kennysheep_little_box, old_standard_altar, lemuel_crystal_altar,
          first_bread, uniq_menkaure
D:6:      grunt_qazlal_clouds, minmay_temple_entry_glass
D:7:      nicolae_overflow_crystal_walls, grunt_ogre_cave
D:8:      overflow_temple_1_default, erik_lair_orcish_takeover,
          hangedman_abyss_or_decor_stabs, serial_park_tiny_2, uniq_joseph
D:9:      grunt_gozag_statues, vehumet_statue, serial_bayou_crossing
Lair:1:   grunt_megastairs_4
Abyss:1:  evilmike_abyss_exit_chaos, hangedman_abyss_feature_spike

Skill      XL: |  1  2  3  4  5  6  7  8  9 10 |
---------------+-------------------------------+-----
Dodging        | 1 2 3 4 5 6 |  6.1
Long Blades    | 2 3 4 5 6 7 8 |  8.6
Invocations    | 3 5 6 7 8 9 |  9.7
Armour         | 2 4 5 7 8 |  8.2
Fighting       | |  3.0

Action                   |  1- 3 |  4- 6 |  7- 9 | 10-12 || total
-------------------------+-------+-------+-------+-------++-------
Melee: Falchion          |   140 |   317 |   801 |   415 ||  1673
       Rapier            |       |       |       |    89 ||    89
Invok: Depart the Abyss  |     1 |       |       |       ||     1
       Banish            |       |       |     6 |     7 ||    13
  Use: Scroll            |       |    10 |     5 |     5 ||    20
  Eat: Chunk             |     2 |     7 |    20 |     9 ||    38
       Meat ration       |       |       |     1 |       ||     1
       Royal jelly       |       |       |     2 |       ||     2
       Pizza             |       |       |       |     2 ||     2
       Beef jerky        |       |       |       |     2 ||     2
Armor: Leather armour    |    20 |       |       |       ||    20
       Ring mail         |    25 |    44 |       |   297 ||   366
       Scale mail        |       |   111 |   445 |     6 ||   562
Dodge: Dodged            |   104 |   179 |   385 |   381 ||  1049
